| TOP OF THE 1ST |
|
Mississippi Braves batting - Pitching for Biloxi Shuckers : RHP Jeff Swomley
|
|
Pitching: RHP Jeff Swomley
|
|
|
Batting: LHB Rodolfo Cano
|
0-0: Ball 1-0: Foul Ball, location: 2F 1-1: Called Strike 1-2: Ball 2-2: Foul Ball, location: 2F 2-2: Foul Ball, location: 2F 2-2: Ground out 3-1 (Groundball, 34, EV 87.5 MPH)
|
|
Batting: LHB Jon Burgos
|
0-0: Called Strike 0-1: Foul Ball, location: 2F 0-2: Foul Ball, location: 2F 0-2: Foul Ball, location: 2F 0-2: Ball 1-2: Fly out, F7 (Line Drive, 7D, EV 90.0 MPH)
|
|
Batting: LHB Raul Guarjardo
|
0-0: Swinging Strike 0-1: Ball 1-1: Called Strike 1-2: Fly out, F5 (Line Drive, 5, EV 65.6 MPH)
|
| Top of the 1st over - 0 runs, 0 hits, 0 errors, 0 left on base; Mississippi 0 - Biloxi 0 |
| BOTTOM OF THE 1ST |
|
Biloxi Shuckers batting - Pitching for Mississippi Braves : RHP Jarred Sharp
|
|
Pitching: RHP Jarred Sharp
|
|
|
Batting: RHB Eric Sullivan
|
0-0: Called Strike 0-1: Ball 1-1: Foul Ball, location: 2F 1-2: Foul Ball, location: 2F 1-2: Strikes out swinging
|
|
Batting: LHB Joe Vida
|
0-0: Ball 1-0: Called Strike 1-1: Ball 2-1: Swinging Strike 2-2: Foul Ball, location: 2F 2-2: Ground out 3-1 (Groundball, 34, EV 78.1 MPH)
|
|
Batting: RHB Mike Ball
|
0-0: Ball 1-0: Foul Ball, location: 2F 1-1: Foul Ball, location: 2F 1-2: Ball 2-2: Fly out, F7 (Flyball, 7D, EV 86.3 MPH)
|
| Bottom of the 1st over - 0 runs, 0 hits, 0 errors, 0 left on base; Mississippi 0 - Biloxi 0 |
| TOP OF THE 2ND |
|
Mississippi Braves batting - Pitching for Biloxi Shuckers : RHP Jeff Swomley
|
|
Batting: RHB Tim Nettles
|
0-0: Foul Ball, location: 2F 0-1: Called Strike 0-2: Foul Ball, location: 2F 0-2: Strikes out swinging
|
|
Batting: LHB Pablo Ordonez
|
0-0: Swinging Strike 0-1: Swinging Strike 0-2: Foul Ball, location: 2F 0-2: SINGLE (Line Drive, 4M, EV 95.6 MPH)
|
|
Batting: RHB Zachary Sidney
|
0-0: Foul Ball, location: 2F 0-1: Called Strike 0-2: Ball 1-2: Foul Ball, location: 2F 1-2: Fly out, F7 (Line Drive, 7, EV 85.0 MPH)
|
|
Batting: RHB Angel Guzman
|
0-0: Called Strike 0-1: Called Strike 0-2: Ground out 4-3 (Groundball, 4, EV 87.5 MPH)
|
| Top of the 2nd over - 0 runs, 1 hit, 0 errors, 1 left on base; Mississippi 0 - Biloxi 0 |
| BOTTOM OF THE 2ND |
|
Biloxi Shuckers batting - Pitching for Mississippi Braves : RHP Jarred Sharp
|
|
Batting: LHB Alfredo de la Cruz
|
0-0: Ball 1-0: Ball 2-0: Called Strike 2-1: Ball 3-1: Base on Balls
|
|
Batting: RHB Joe LaDue
|
0-0: Called Strike 0-1: Foul Ball, location: 2F 0-2: Ball 1-2: Ball 2-2: Fly out, F9 (Flyball, 89M, EV 92.5 MPH)
|
|
Batting: RHB Jeff Cornett
|
0-0: Ball Alfredo de la Cruz steals 2nd base 1-0: Called Strike 1-1: SINGLE (Groundball, 6MD, EV 103.8 MPH) Alfredo de la Cruz to third Runner from 3rd tries for Home, SAFE, throw by CF to home Jeff Cornett to second
|
|
Batting: RHB Bobby Heagle
|
0-0: Ground out U3 (Groundball, 3, EV 95.6 MPH) Jeff Cornett to third
|
|
Batting: RHB Logan Morgan
|
0-0: Fly out, F5 (Popup, 5S, EV 73.1 MPH)
|
| Bottom of the 2nd over - 1 run, 1 hit, 0 errors, 1 left on base; Mississippi 0 - Biloxi 1 |
| TOP OF THE 3RD |
|
Mississippi Braves batting - Pitching for Biloxi Shuckers : RHP Jeff Swomley
|
|
Batting: RHB Bobby Lavole
|
0-0: Called Strike 0-1: Foul Ball, location: 2F 0-2: Strikes out swinging
|
|
Batting: RHB Edwin Cota
|
0-0: Swinging Strike 0-1: Foul Ball, location: 2F 0-2: Ball 1-2: SINGLE (Groundball, 6M, EV 81.9 MPH) (infield hit)
|
|
Batting: LHB Rodolfo Cano
|
Balk! Edwin Cota to second 0-0: Ball 1-0: Ball 2-0: Foul Ball, location: 2F 2-1: Swinging Strike 2-2: Fly out, F8 (Flyball, 8LD, EV 100.0 MPH)
|
|
Batting: LHB Jon Burgos
|
0-0: Ball 1-0: Ball 2-0: Called Strike 2-1: Swinging Strike 2-2: Foul Ball, location: 2F 2-2: Strikes out looking
|
| Top of the 3rd over - 0 runs, 1 hit, 0 errors, 1 left on base; Mississippi 0 - Biloxi 1 |
| BOTTOM OF THE 3RD |
|
Biloxi Shuckers batting - Pitching for Mississippi Braves : RHP Jarred Sharp
|
|
Batting: RHB Jamie Youngs
|
0-0: Foul Ball, location: 2F 0-1: Ball 1-1: Fly out, F5 (Line Drive, 5, EV 66.9 MPH)
|
|
Batting: RHB Eric Sullivan
|
0-0: Swinging Strike 0-1: Bunt for hit to 23 - play at first, batter OUT! 3-4
|
|
Batting: LHB Joe Vida
|
0-0: Ball 1-0: Foul Ball, location: 2F 1-1: Foul Ball, location: 2F 1-2: Strikes out swinging
|
| Bottom of the 3rd over - 0 runs, 0 hits, 0 errors, 0 left on base; Mississippi 0 - Biloxi 1 |
| TOP OF THE 4TH |
|
Mississippi Braves batting - Pitching for Biloxi Shuckers : RHP Jeff Swomley
|
|
Batting: LHB Raul Guarjardo
|
0-0: Ball 1-0: Ground out 6-3 (Groundball, 6MS, EV 67.5 MPH)
|
|
Batting: RHB Tim Nettles
|
0-0: SINGLE (Line Drive, 8RS, EV 94.4 MPH)
|
|
Batting: LHB Pablo Ordonez
|
0-0: Ball 1-0: Ball 2-0: Swinging Strike 2-1: Foul Ball, location: 2F 2-2: Ball 3-2: Strikes out looking
|
|
Batting: RHB Zachary Sidney
|
0-0: Called Strike Tim Nettles steals 2nd, throwing error, E2 Tim Nettles to third 0-1: Ball 1-1: Ball 2-1: Called Strike 2-2: Strikes out swinging
|
| Top of the 4th over - 0 runs, 1 hit, 1 error, 1 left on base; Mississippi 0 - Biloxi 1 |
| BOTTOM OF THE 4TH |
|
Biloxi Shuckers batting - Pitching for Mississippi Braves : RHP Jarred Sharp
|
|
Batting: RHB Mike Ball
|
0-0: Ball 1-0: Swinging Strike 1-1: Foul Ball, location: 2F 1-2: Strikes out looking
|
|
Batting: LHB Alfredo de la Cruz
|
0-0: Called Strike 0-1: Foul Ball, location: 2F 0-2: Ball 1-2: Ground out U3 (Groundball, 34, EV 83.8 MPH)
|
|
Batting: RHB Joe LaDue
|
0-0: Ball 1-0: Ball 2-0: Ball 3-0: Base on Balls
|
|
Batting: RHB Jeff Cornett
|
0-0: Ball Joe LaDue is caught stealing 2nd base 2-4
|
| Bottom of the 4th over - 0 runs, 0 hits, 0 errors, 0 left on base; Mississippi 0 - Biloxi 1 |
| TOP OF THE 5TH |
|
Mississippi Braves batting - Pitching for Biloxi Shuckers : RHP Jeff Swomley
|
|
Batting: RHB Angel Guzman
|
0-0: Ball 1-0: Foul Ball, location: 2F 1-1: Foul Ball, location: 2F 1-2: Strikes out swinging
|
|
Batting: RHB Bobby Lavole
|
0-0: Ground out 5-3 (Groundball, 56S, EV 70.0 MPH)
|
|
Batting: RHB Edwin Cota
|
0-0: Ball 1-0: Ball 2-0: Foul Ball, location: 2F 2-1: Ball 3-1: Swinging Strike 3-2: Foul Ball, location: 2F 3-2: Foul Ball, location: 2F 3-2: Strikes out swinging
|
| Top of the 5th over - 0 runs, 0 hits, 0 errors, 0 left on base; Mississippi 0 - Biloxi 1 |
| BOTTOM OF THE 5TH |
|
Biloxi Shuckers batting - Pitching for Mississippi Braves : RHP Jarred Sharp
|
|
Batting: RHB Jeff Cornett
|
0-0: Ball 1-0: Called Strike 1-1: Ball 2-1: Ball 3-1: Ground out 4-3 (Groundball, 4M, EV 85.0 MPH)
|
|
Batting: RHB Bobby Heagle
|
0-0: SINGLE (Groundball, 5S, EV 62.5 MPH) (infield hit)
|
|
Batting: RHB Logan Morgan
|
0-0: Ball 1-0: Called Strike 1-1: Foul Ball, location: 2F 1-2: Strikes out swinging Bobby Heagle steals 2nd base Batter strikes out.
|
|
Batting: RHB Jamie Youngs
|
0-0: Called Strike 0-1: Ball 1-1: Swinging Strike 1-2: Strikes out swinging
|
| Bottom of the 5th over - 0 runs, 1 hit, 0 errors, 1 left on base; Mississippi 0 - Biloxi 1 |
| TOP OF THE 6TH |
|
Mississippi Braves batting - Pitching for Biloxi Shuckers : RHP Jeff Swomley
|
|
Batting: LHB Rodolfo Cano
|
0-0: Foul Ball, location: 2F 0-1: Ball 1-1: Ball 2-1: Foul Ball, location: 2F 2-2: Ball 3-2: Foul Ball, location: 2F 3-2: Strikes out looking
|
|
Pitching: LHP Paul Schumacher
|
|
|
Pinch Hitting: RHB Waki Matsui
|
0-0: Ball 1-0: Swinging Strike 1-1: Ball 2-1: Ground out 4-3 (Groundball, 4, EV 88.1 MPH)
|
|
Batting: LHB Raul Guarjardo
|
0-0: Ball 1-0: Ground out 1-3 (Groundball, 34S, EV 63.1 MPH)
|
| Top of the 6th over - 0 runs, 0 hits, 0 errors, 0 left on base; Mississippi 0 - Biloxi 1 |
| BOTTOM OF THE 6TH |
|
Biloxi Shuckers batting - Pitching for Mississippi Braves : RHP Jarred Sharp
|
|
Now in LF: Paul Karlovich
|
|
|
Batting: RHB Eric Sullivan
|
0-0: Foul Ball, location: 2F 0-1: Swinging Strike 0-2: Ball 1-2: Foul Ball, location: 2F 1-2: Ball 2-2: Ball 3-2: SINGLE (Line Drive, 9S, EV 88.1 MPH)
|
|
Batting: LHB Joe Vida
|
0-0: Ball 1-0: Ball 2-0: Ball 3-0: Called Strike 3-1: Base on Balls Eric Sullivan to second
|
|
Batting: RHB Mike Ball
|
0-0: Fly out, F9 (Flyball, 9, EV 84.4 MPH)
|
|
Batting: LHB Alfredo de la Cruz
|
0-0: Swinging Strike 0-1: Ball Eric Sullivan is caught stealing 3rd base 2-5 1-1: Foul Ball, location: 2F 1-2: SINGLE (Groundball, 3S, EV 72.5 MPH) (infield hit) Joe Vida to second
|
|
Pinch Runner at 2nd Jerry Castro:
|
|
|
Batting: RHB Joe LaDue
|
0-0: Ground out 4-3 (Groundball, 34, EV 83.1 MPH)
|
| Bottom of the 6th over - 0 runs, 2 hits, 0 errors, 2 left on base; Mississippi 0 - Biloxi 1 |
| TOP OF THE 7TH |
|
Mississippi Braves batting - Pitching for Biloxi Shuckers : LHP Paul Schumacher
|
|
Now at 1B: Gene Sutton
|
|
|
Now in RF: Eric Sullivan
|
|
|
Batting: RHB Tim Nettles
|
0-0: Called Strike 0-1: Ground out 6-3 (Groundball, 6M, EV 86.3 MPH)
|
|
Batting: LHB Pablo Ordonez
|
0-0: Ground out 4-3 (Groundball, 4S, EV 80.6 MPH)
|
|
Batting: RHB Zachary Sidney
|
0-0: Ball 1-0: Ball 2-0: Fly out, F8 (Flyball, 8RS, EV 95.0 MPH)
|
| Top of the 7th over - 0 runs, 0 hits, 0 errors, 0 left on base; Mississippi 0 - Biloxi 1 |
| BOTTOM OF THE 7TH |
|
Biloxi Shuckers batting - Pitching for Mississippi Braves : RHP Jarred Sharp
|
|
Batting: RHB Jeff Cornett
|
0-0: Swinging Strike 0-1: Swinging Strike 0-2: Ball 1-2: Ball 2-2: Strikes out swinging
|
|
Pitching: RHP Marko Martin
|
|
|
Batting: RHB Bobby Heagle
|
0-0: Called Strike 0-1: Ball 1-1: Swinging Strike 1-2: Ball 2-2: Ball 3-2: Fly out, F4 (Popup, 34S, EV 81.9 MPH)
|
|
Batting: RHB Gene Sutton
|
0-0: Ball 1-0: SINGLE (Line Drive, 8LS, EV 88.1 MPH)
|
|
Batting: RHB Jamie Youngs
|
0-0: Ball 1-0: Called Strike 1-1: Called Strike 1-2: Strikes out looking
|
| Bottom of the 7th over - 0 runs, 1 hit, 0 errors, 1 left on base; Mississippi 0 - Biloxi 1 |
| TOP OF THE 8TH |
|
Mississippi Braves batting - Pitching for Biloxi Shuckers : LHP Paul Schumacher
|
|
Batting: RHB Angel Guzman
|
0-0: Ball 1-0: Ground out 4-3 (Groundball, 34, EV 80.6 MPH)
|
|
Batting: RHB Bobby Lavole
|
0-0: Swinging Strike 0-1: SINGLE (Groundball, 56D, EV 104.4 MPH)
|
|
Pitching: RHP Zachery Waff
|
|
|
Batting: RHB Edwin Cota
|
0-0: Ball 1-0: Foul Ball, location: 2F 1-1: Swinging Strike 1-2: Ball 2-2: Ball 3-2: Base on Balls Bobby Lavole to second
|
|
Batting: LHB Rodolfo Cano
|
0-0: Ball 1-0: Foul Ball, location: 2F 1-1: Swinging Strike 1-2: Ball 2-2: Ball 3-2: 3-RUN HOME RUN (Flyball, 7D, EV 96.9 MPH), Distance : 389 ft
|
|
Batting: SHB Paul Karlovich
|
0-0: Called Strike 0-1: Swinging Strike 0-2: Ball 1-2: Foul Ball, location: 2F 1-2: Strikes out swinging
|
|
Batting: LHB Raul Guarjardo
|
0-0: Fly out, F8 (Line Drive, 8RM, EV 105.0 MPH)
|
| Top of the 8th over - 3 runs, 2 hits, 0 errors, 0 left on base; Mississippi 3 - Biloxi 1 |
| BOTTOM OF THE 8TH |
|
Biloxi Shuckers batting - Pitching for Mississippi Braves : RHP Marko Martin
|
|
Batting: RHB Eric Sullivan
|
0-0: Ball 1-0: Foul Ball, location: 2F 1-1: Swinging Strike 1-2: Fly out, F9 (Flyball, 89D, EV 98.8 MPH)
|
|
Batting: LHB Andy Sanchez
|
0-0: Called Strike 0-1: Called Strike 0-2: Ball 1-2: Foul Ball, location: 2F 1-2: Ball 2-2: Strikes out swinging
|
|
Batting: RHB Mike Ball
|
0-0: Ground out 4-3 (Groundball, 4, EV 108.1 MPH)
|
| Bottom of the 8th over - 0 runs, 0 hits, 0 errors, 0 left on base; Mississippi 3 - Biloxi 1 |
| TOP OF THE 9TH |
|
Mississippi Braves batting - Pitching for Biloxi Shuckers : RHP Zachery Waff
|
|
Pitching: RHP Javy Uribe
|
|
|
Batting: RHB Tim Nettles
|
0-0: Ball 1-0: Ball 2-0: Ball 3-0: Foul Ball, location: 2F 3-1: Base on Balls
|
|
Batting: LHB Pablo Ordonez
|
0-0: Ball 1-0: Fly out, F8 (Line Drive, 8LM, EV 110.6 MPH)
|
|
Batting: RHB Zachary Sidney
|
0-0: Foul Ball, location: 2F 0-1: Ball 1-1: DOUBLE (Line Drive, 9LM, EV 93.8 MPH) Tim Nettles to third Runner from 3rd tries for Home, SAFE, throw by RF to home
|
|
Batting: RHB Angel Guzman
|
0-0: Called Strike 0-1: Ball 1-1: Hit by Pitch
|
|
Batting: RHB Bobby Lavole
|
0-0: Foul Ball, location: 2F 0-1: Grounds into double play, 6-4-3 (Groundball, 6, EV 82.5 MPH)
|
| Top of the 9th over - 1 run, 1 hit, 0 errors, 1 left on base; Mississippi 4 - Biloxi 1 |
| BOTTOM OF THE 9TH |
|
Biloxi Shuckers batting - Pitching for Mississippi Braves : RHP Marko Martin
|
|
Pitching: RHP Kwang-sik Kim
|
|
|
Batting: LHB Alfredo de la Cruz
|
0-0: Called Strike 0-1: Swinging Strike 0-2: Foul Ball, location: 2F 0-2: Strikes out swinging
|
|
Batting: RHB Joe LaDue
|
0-0: Ball 1-0: Ball 2-0: Called Strike 2-1: Ball 3-1: Base on Balls
|
|
Batting: RHB Jeff Cornett
|
0-0: Ball 1-0: Ball 2-0: Ball 3-0: Base on Balls Joe LaDue to second
|
|
Batting: RHB Bobby Heagle
|
0-0: Ball 1-0: Ball 2-0: Foul Ball, location: 2F 2-1: Called Strike 2-2: Ball 3-2: Foul Ball, location: 2F 3-2: Foul Ball, location: 2F 3-2: Fielders Choice at 2nd, 2-6 (Groundball, 13S, EV 60.0 MPH) Joe LaDue to third
|
|
Batting: RHB Gene Sutton
|
0-0: Called Strike 0-1: Ball 1-1: Ball 2-1: Called Strike 2-2: Foul Ball, location: 2F 2-2: Ball 3-2: Base on Balls Bobby Heagle to second
|
|
Batting: RHB Jamie Youngs
|
0-0: Called Strike 0-1: Ball 1-1: Ball 2-1: Swinging Strike 2-2: Strikes out swinging
|
| Bottom of the 9th over - 0 runs, 0 hits, 0 errors, 3 left on base; Mississippi 4 - Biloxi 1 |
|